TOP OF THE 1ST |
Hartford Yard Goats batting - Pitching for Hagerstown Suns : LHP Mike Rosas
|
Pitching: LHP Mike Rosas
|
|
Batting: RHB John Stevenson
|
0-0: Called Strike 0-1: Called Strike 0-2: Ball 1-2: SINGLE (Groundball, 6MD, EV 98.1 MPH)
|
Batting: RHB T.J. Williams
|
0-0: Grounds into double play, 5-4-3 (Groundball, 56S, EV 91.2 MPH)
|
Batting: RHB Andy Rayer
|
0-0: DOUBLE (Line Drive, 9LS, EV 107.5 MPH)
|
Batting: SHB Ken Griffey IV
|
0-0: Ball 1-0: Ball 2-0: Ball 3-0: Base on Balls
|
Batting: RHB Chris Osting
|
0-0: Ball 1-0: Fly out, F8 (Flyball, 8RM, EV 76.9 MPH)
|
Top of the 1st over - 0 runs, 2 hits, 0 errors, 2 left on base; Hartford 0 - Hagerstown 0 |
BOTTOM OF THE 1ST |
Hagerstown Suns batting - Pitching for Hartford Yard Goats : RHP Logan Ramsey
|
Pitching: RHP Logan Ramsey
|
|
Batting: RHB Taffounnout Kame
|
0-0: Ball 1-0: Foul Ball, location: 2F 1-1: Ball 2-1: Foul Ball, location: 2F 2-2: SINGLE (Groundball, 34D, EV 94.4 MPH)
|
Batting: SHB Jose Melendez
|
0-0: Called Strike Taffounnout Kame is caught stealing 2nd base 2-6 0-1: Ball 1-1: Ball 2-1: Fly out, F9 (Flyball, 89M, EV 72.5 MPH)
|
Batting: RHB Xavier Reeves
|
0-0: Ground out U3 (Groundball, 23, EV 92.5 MPH)
|
Bottom of the 1st over - 0 runs, 1 hit, 0 errors, 0 left on base; Hartford 0 - Hagerstown 0 |
TOP OF THE 2ND |
Hartford Yard Goats batting - Pitching for Hagerstown Suns : LHP Mike Rosas
|
Batting: RHB Bryce Hickman
|
0-0: Called Strike 0-1: Ball 1-1: Swinging Strike 1-2: Strikes out swinging
|
Batting: SHB Brad Madden
|
0-0: Ball 1-0: Ball 2-0: Ball 3-0: Called Strike 3-1: Fly out, F8 (Line Drive, 8LM, EV 97.5 MPH)
|
Batting: RHB Dwane Reed
|
0-0: Called Strike 0-1: SOLO HOME RUN (Line Drive, 78XD, EV 116.2 MPH), Distance : 456 ft
|
Batting: LHB Harry Folsom
|
0-0: Ball 1-0: Ball 2-0: Ball 3-0: Called Strike 3-1: Base on Balls
|
Batting: RHB John Stevenson
|
0-0: SINGLE (Line Drive, 34D, EV 99.4 MPH) Harry Folsom to second Runner from 2nd tries for 3rd, SAFE, throw by RF made to third
|
Batting: RHB T.J. Williams
|
0-0: Called Strike 0-1: Foul Ball, location: 2F 0-2: Foul Ball, location: 2F 0-2: SINGLE (Line Drive, 8RS, EV 105.0 MPH) Harry Folsom scores John Stevenson to second Runner from 2nd tries for 3rd, OUT! 8-5
|
Top of the 2nd over - 2 runs, 3 hits, 0 errors, 1 left on base; Hartford 2 - Hagerstown 0 |
BOTTOM OF THE 2ND |
Hagerstown Suns batting - Pitching for Hartford Yard Goats : RHP Logan Ramsey
|
Batting: RHB Leo Gutierrez
|
0-0: Swinging Strike 0-1: Foul Ball, location: 2F 0-2: Foul Ball, location: 2F 0-2: Ball 1-2: Ball 2-2: Foul Ball, location: 2F 2-2: Ball 3-2: Base on Balls
|
Batting: RHB Kenny Ball
|
0-0: Ball 1-0: Ball Leo Gutierrez steals 2nd base 2-0: Swinging Strike 2-1: Ball 3-1: Fly out, F9 (Line Drive, 9, EV 100.6 MPH) Runner from 2nd tags up, SAFE at 3rd with throw by RF
|
Batting: RHB Rudolph Lentz
|
0-0: Hit by Pitch
|
Batting: LHB Mike Hamilton
|
0-0: Foul Ball, location: 2F 0-1: Ball 1-1: Fielders Choice at 2nd, 4-6 (Groundball, 4, EV 109.4 MPH) Leo Gutierrez scores
|
Batting: RHB Yok-sing Szema
|
0-0: Swinging Strike 0-1: Ball 1-1: Called Strike 1-2: Ball 2-2: Fly out, F7 (Line Drive, 7, EV 104.4 MPH)
|
Bottom of the 2nd over - 1 run, 0 hits, 0 errors, 1 left on base; Hartford 2 - Hagerstown 1 |
TOP OF THE 3RD |
Hartford Yard Goats batting - Pitching for Hagerstown Suns : LHP Mike Rosas
|
Batting: RHB Andy Rayer
|
0-0: Ball 1-0: Fly out, F9 (Flyball, 9, EV 90.0 MPH)
|
Batting: SHB Ken Griffey IV
|
0-0: Ball 1-0: Called Strike 1-1: Foul Ball, location: 2F 1-2: Strikes out looking
|
Batting: RHB Chris Osting
|
0-0: Ball 1-0: Foul Ball, location: 2F 1-1: Ball 2-1: Ground out 6-3 (Groundball, 6, EV 83.8 MPH)
|
Top of the 3rd over - 0 runs, 0 hits, 0 errors, 0 left on base; Hartford 2 - Hagerstown 1 |
BOTTOM OF THE 3RD |
Hagerstown Suns batting - Pitching for Hartford Yard Goats : RHP Logan Ramsey
|
Batting: RHB Jelexiz Cuenca
|
0-0: Ball 1-0: Foul Ball, location: 2F 1-1: Foul Ball, location: 2F 1-2: Ground out 1-3 (Groundball, P, EV 66.2 MPH)
|
Batting: RHB Taffounnout Kame
|
0-0: Called Strike 0-1: Foul Ball, location: 2F 0-2: Ball 1-2: Foul Ball, location: 2F 1-2: Strikes out swinging
|
Batting: SHB Jose Melendez
|
0-0: Ball 1-0: Reached on error, E1 (Groundball, 15S, EV 71.9 MPH)
|
Batting: RHB Xavier Reeves
|
0-0: Called Strike 0-1: Ball 1-1: Ground out 6-3 (Groundball, 6, EV 103.8 MPH)
|
Bottom of the 3rd over - 0 runs, 0 hits, 1 error, 1 left on base; Hartford 2 - Hagerstown 1 |
TOP OF THE 4TH |
Hartford Yard Goats batting - Pitching for Hagerstown Suns : LHP Mike Rosas
|
Batting: RHB Bryce Hickman
|
0-0: Called Strike 0-1: Foul Ball, location: 2F 0-2: Foul Ball, location: 2F 0-2: Strikes out swinging
|
Batting: SHB Brad Madden
|
0-0: Called Strike 0-1: Ball 1-1: Reached on error, E6 (Groundball, 6, EV 85.6 MPH)
|
Batting: RHB Dwane Reed
|
0-0: Fly out, F8 (Flyball, 8RD, EV 103.1 MPH)
|
Batting: LHB Harry Folsom
|
0-0: Ball 1-0: Foul Ball, location: 2F 1-1: Fly out, F5 (Popup, 5, EV 61.2 MPH)
|
Top of the 4th over - 0 runs, 0 hits, 1 error, 1 left on base; Hartford 2 - Hagerstown 1 |
BOTTOM OF THE 4TH |
Hagerstown Suns batting - Pitching for Hartford Yard Goats : RHP Logan Ramsey
|
Batting: RHB Leo Gutierrez
|
0-0: Ground out 5-3 (Groundball, 5L, EV 80.6 MPH)
|
Now at 3B: Ray Insley
|
|
Batting: RHB Kenny Ball
|
0-0: Swinging Strike 0-1: Ball 1-1: Foul Ball, location: 2F 1-2: Strikes out looking
|
Batting: RHB Rudolph Lentz
|
0-0: SINGLE (Groundball, 6MD, EV 95.6 MPH)
|
Batting: LHB Mike Hamilton
|
0-0: Fielders Choice at 2nd, U6 (Groundball, 6M, EV 103.8 MPH)
|
Bottom of the 4th over - 0 runs, 1 hit, 0 errors, 1 left on base; Hartford 2 - Hagerstown 1 |
TOP OF THE 5TH |
Hartford Yard Goats batting - Pitching for Hagerstown Suns : LHP Mike Rosas
|
Batting: RHB John Stevenson
|
0-0: Foul Ball, location: 2F 0-1: Called Strike 0-2: SINGLE (Line Drive, 9S, EV 102.5 MPH)
|
Batting: RHB T.J. Williams
|
0-0: Ball Wild Pitch! John Stevenson to second 1-0: Swinging Strike 1-1: Foul Ball, location: 2F 1-2: Ball 2-2: Foul Ball, location: 2F 2-2: Foul Ball, location: 2F 2-2: Ball 3-2: Fly out, F9 (Flyball, 89S, EV 82.5 MPH)
|
Batting: RHB Andy Rayer
|
0-0: Called Strike 0-1: Swinging Strike 0-2: Strikes out looking
|
Batting: SHB Ken Griffey IV
|
0-0: Ground out U3 (Groundball, 34S, EV 80.6 MPH)
|
Top of the 5th over - 0 runs, 1 hit, 0 errors, 1 left on base; Hartford 2 - Hagerstown 1 |
BOTTOM OF THE 5TH |
Hagerstown Suns batting - Pitching for Hartford Yard Goats : RHP Logan Ramsey
|
Batting: RHB Yok-sing Szema
|
0-0: Ball 1-0: Called Strike 1-1: Ball 2-1: Ground out 5-3 (Groundball, 5L, EV 83.1 MPH)
|
Batting: RHB Jelexiz Cuenca
|
0-0: Ball 1-0: Foul Ball, location: 2F 1-1: Fly out, F9 (Flyball, 9S, EV 92.5 MPH)
|
Batting: RHB Taffounnout Kame
|
0-0: Called Strike 0-1: Ball 1-1: Ball 2-1: Ball 3-1: Base on Balls
|
Batting: SHB Jose Melendez
|
0-0: Ball 1-0: Ball 2-0: Called Strike 2-1: Called Strike 2-2: Ball 3-2: Foul Ball, location: 2F 3-2: Foul Ball, location: 2F 3-2: SINGLE (Groundball, 56D, EV 100.0 MPH) Taffounnout Kame to second Taffounnout Kame to third
|
Batting: RHB Xavier Reeves
|
0-0: Ball 1-0: Ball 2-0: SINGLE (Groundball, 56D, EV 96.2 MPH) Taffounnout Kame scores Jose Melendez to second Runner from 2nd tries for 3rd, SAFE, throw by LF made to third
|
Batting: RHB Leo Gutierrez
|
0-0: Fly out, F9 (Line Drive, 9S, EV 100.0 MPH)
|
Bottom of the 5th over - 1 run, 2 hits, 0 errors, 2 left on base; Hartford 2 - Hagerstown 2 |
TOP OF THE 6TH |
Hartford Yard Goats batting - Pitching for Hagerstown Suns : LHP Mike Rosas
|
Batting: RHB Chris Osting
|
0-0: Ball 1-0: SINGLE (Flyball, 3D, EV 90.6 MPH)
|
Batting: RHB Bryce Hickman
|
0-0: Ball 1-0: Called Strike 1-1: Foul Ball, location: 2F 1-2: Ball 2-2: Foul Ball, location: 2F 2-2: Strikes out looking
|
Batting: SHB Brad Madden
|
0-0: Ball 1-0: Called Strike 1-1: Swinging Strike 1-2: Fielders Choice at 2nd, 6-4 (Groundball, 6, EV 89.4 MPH)
|
Batting: RHB Ray Insley
|
0-0: Ball 1-0: Called Strike 1-1: Foul Ball, location: 2F 1-2: Ball 2-2: Ball 3-2: Ground out 6-3 (Groundball, 6, EV 86.9 MPH)
|
Top of the 6th over - 0 runs, 1 hit, 0 errors, 1 left on base; Hartford 2 - Hagerstown 2 |
BOTTOM OF THE 6TH |
Hagerstown Suns batting - Pitching for Hartford Yard Goats : RHP Logan Ramsey
|
Batting: RHB Kenny Ball
|
0-0: Called Strike 0-1: Called Strike 0-2: Strikes out swinging
|
Pitching: RHP Gorgonio Sigua
|
|
Batting: RHB Rudolph Lentz
|
0-0: Called Strike 0-1: Ball 1-1: Fly out, F6 (Line Drive, 6, EV 74.4 MPH)
|
Batting: LHB Mike Hamilton
|
0-0: Ball 1-0: Ball 2-0: Ground out 4-3 (Groundball, 4, EV 103.1 MPH)
|
Bottom of the 6th over - 0 runs, 0 hits, 0 errors, 0 left on base; Hartford 2 - Hagerstown 2 |
TOP OF THE 7TH |
Hartford Yard Goats batting - Pitching for Hagerstown Suns : LHP Mike Rosas
|
Batting: LHB Harry Folsom
|
0-0: Called Strike 0-1: Ball 1-1: Fly out, F9 (Line Drive, 9, EV 110.0 MPH)
|
Pitching: RHP Joe Adelmann
|
|
Batting: RHB John Stevenson
|
0-0: Foul Ball, location: 2F 0-1: Swinging Strike 0-2: Strikes out swinging
|
Batting: RHB T.J. Williams
|
0-0: Foul Ball, location: 2F 0-1: Ball 1-1: Foul Ball, location: 2F 1-2: Strikes out looking
|
Top of the 7th over - 0 runs, 0 hits, 0 errors, 0 left on base; Hartford 2 - Hagerstown 2 |
BOTTOM OF THE 7TH |
Hagerstown Suns batting - Pitching for Hartford Yard Goats : RHP Gorgonio Sigua
|
Batting: RHB Yok-sing Szema
|
0-0: Hit by Pitch
|
Batting: RHB Jelexiz Cuenca
|
0-0: Ball 1-0: Fielders Choice at 2nd, 6-4 (Groundball, 6, EV 87.5 MPH)
|
Batting: RHB Taffounnout Kame
|
0-0: Fielders Choice at 2nd, 6-4 (Groundball, 56, EV 88.1 MPH)
|
Pinch Hitting: RHB Aaron Bateman
|
0-0: Foul Ball, location: 2F 0-1: Ball 1-1: Called Strike 1-2: Foul Ball, location: 2F 1-2: Strikes out looking
|
Bottom of the 7th over - 0 runs, 0 hits, 0 errors, 1 left on base; Hartford 2 - Hagerstown 2 |
TOP OF THE 8TH |
Hartford Yard Goats batting - Pitching for Hagerstown Suns : RHP Joe Adelmann
|
Now at 3B: Aaron Bateman
|
|
Now in CF: Taffounnout Kame
|
|
Batting: RHB Andy Rayer
|
0-0: Called Strike 0-1: Swinging Strike 0-2: Strikes out looking
|
Batting: SHB Ken Griffey IV
|
0-0: Called Strike 0-1: Fly out, F8 (Flyball, 8LM, EV 95.6 MPH)
|
Batting: RHB Chris Osting
|
0-0: Foul Ball, location: 2F 0-1: Ball 1-1: Swinging Strike 1-2: Foul Ball, location: 2F 1-2: Strikes out looking
|
Top of the 8th over - 0 runs, 0 hits, 0 errors, 0 left on base; Hartford 2 - Hagerstown 2 |
BOTTOM OF THE 8TH |
Hagerstown Suns batting - Pitching for Hartford Yard Goats : RHP Gorgonio Sigua
|
Pitching: RHP Jonathan Alldritt
|
|
Batting: RHB Xavier Reeves
|
0-0: Called Strike 0-1: SINGLE (Groundball, 56D, EV 98.8 MPH) (infield hit)
|
Batting: RHB Leo Gutierrez
|
0-0: Ball Xavier Reeves steals 2nd base 1-0: Swinging Strike 1-1: Ball Xavier Reeves steals 3rd base 2-1: Ball 3-1: Called Strike 3-2: Strikes out swinging
|
Batting: RHB Kenny Ball
|
0-0: Called Strike 0-1: Fly out, F8 (Line Drive, 8LM, EV 91.9 MPH)
|
Batting: RHB Rudolph Lentz
|
0-0: Ball 1-0: Foul Ball, location: 2F 1-1: Swinging Strike 1-2: Strikes out swinging
|
Bottom of the 8th over - 0 runs, 1 hit, 0 errors, 1 left on base; Hartford 2 - Hagerstown 2 |
TOP OF THE 9TH |
Hartford Yard Goats batting - Pitching for Hagerstown Suns : RHP Joe Adelmann
|
Batting: RHB Bryce Hickman
|
0-0: Called Strike 0-1: Swinging Strike 0-2: Ball 1-2: Ball 2-2: Ball 3-2: Foul Ball, location: 2F 3-2: Strikes out swinging
|
Batting: SHB Brad Madden
|
0-0: Ball 1-0: Ball 2-0: Foul Ball, location: 2F 2-1: Ground out 5-3 (Groundball, 56, EV 89.4 MPH)
|
Batting: RHB Ray Insley
|
0-0: Called Strike 0-1: Ball 1-1: Ball 2-1: Foul Ball, location: 2F 2-2: Ball 3-2: Strikes out swinging
|
Top of the 9th over - 0 runs, 0 hits, 0 errors, 0 left on base; Hartford 2 - Hagerstown 2 |
BOTTOM OF THE 9TH |
Hagerstown Suns batting - Pitching for Hartford Yard Goats : RHP Jonathan Alldritt
|
Pitching: RHP Ryan Squire
|
|
Batting: LHB Mike Hamilton
|
0-0: Called Strike 0-1: Ground out 6-3 (Groundball, 6, EV 81.2 MPH)
|
Batting: RHB Yok-sing Szema
|
0-0: Ball 1-0: Ball 2-0: Ground out 5-3 (Groundball, 5L, EV 80.0 MPH)
|
Batting: RHB Jelexiz Cuenca
|
0-0: Ball 1-0: Ground out 4-3 (Groundball, 4, EV 90.6 MPH)
|
Bottom of the 9th over - 0 runs, 0 hits, 0 errors, 0 left on base; Hartford 2 - Hagerstown 2 |
TOP OF THE 10TH |
Hartford Yard Goats batting - Pitching for Hagerstown Suns : RHP Joe Adelmann
|
Batting: LHB Harry Folsom
|
0-0: Ball 1-0: Foul Ball, location: 2F 1-1: Swinging Strike 1-2: Strikes out swinging
|
Batting: RHB John Stevenson
|
0-0: Called Strike 0-1: Ball 1-1: Ball 2-1: Foul Ball, location: 2F 2-2: Ball 3-2: Base on Balls
|
Pitching: LHP Mike Montgomery
|
|
Batting: RHB T.J. Williams
|
0-0: Swinging Strike 0-1: Ball 1-1: Ball 2-1: Foul Ball, location: 2F 2-2: Strikes out swinging
|
Batting: RHB Andy Rayer
|
0-0: Called Strike 0-1: Called Strike 0-2: Foul Ball, location: 2F 0-2: Strikes out swinging
|
Top of the 10th over - 0 runs, 0 hits, 0 errors, 1 left on base; Hartford 2 - Hagerstown 2 |
BOTTOM OF THE 10TH |
Hagerstown Suns batting - Pitching for Hartford Yard Goats : RHP Ryan Squire
|
Batting: RHB Taffounnout Kame
|
0-0: Fly out, F7 (Line Drive, 7, EV 106.2 MPH)
|
Batting: RHB Aaron Bateman
|
0-0: Ball 1-0: Ball 2-0: Called Strike 2-1: Foul Ball, location: 2F 2-2: Ball 3-2: Foul Ball, location: 2F 3-2: Foul Ball, location: 2F 3-2: Ground out 5-3 (Groundball, 5, EV 81.2 MPH)
|
Batting: RHB Xavier Reeves
|
0-0: Foul Ball, location: 2F 0-1: Fly out, F4 (Popup, 4, EV 53.8 MPH)
|
Bottom of the 10th over - 0 runs, 0 hits, 0 errors, 0 left on base; Hartford 2 - Hagerstown 2 |
TOP OF THE 11TH |
Hartford Yard Goats batting - Pitching for Hagerstown Suns : LHP Mike Montgomery
|
Batting: SHB Ken Griffey IV
|
0-0: Ball 1-0: Ground out 4-3 (Groundball, 4S, EV 86.9 MPH)
|
Batting: RHB Chris Osting
|
0-0: Ball 1-0: Ball 2-0: Ball 3-0: Called Strike 3-1: Called Strike 3-2: Strikes out swinging
|
Batting: RHB Bryce Hickman
|
0-0: Called Strike 0-1: Foul Ball, location: 2F 0-2: Strikes out swinging
|
Top of the 11th over - 0 runs, 0 hits, 0 errors, 0 left on base; Hartford 2 - Hagerstown 2 |
BOTTOM OF THE 11TH |
Hagerstown Suns batting - Pitching for Hartford Yard Goats : RHP Ryan Squire
|
Batting: RHB Leo Gutierrez
|
0-0: Ball 1-0: Ball 2-0: Ball 3-0: Called Strike 3-1: Base on Balls
|
Batting: RHB Kenny Ball
|
0-0: Ball Leo Gutierrez steals 2nd base 1-0: Ball Leo Gutierrez steals 3rd base (no throw) 2-0: Fielders Choice at home, U2 (Groundball, 2L, EV 66.2 MPH)
|
Pinch Hitting: LHB Diego Gutierres
|
0-0: Called Strike Kenny Ball steals 2nd base 0-1: Ground out 6-3 (Groundball, 6M, EV 88.1 MPH) Kenny Ball to third
|
Batting: LHB Mike Hamilton
|
0-0: Ball 1-0: Swinging Strike 1-1: Foul Ball, location: 2F 1-2: Ball 2-2: Ball 3-2: Foul Ball, location: 2F 3-2: Base on Balls
|
Batting: RHB Yok-sing Szema
|
0-0: Swinging Strike 0-1: Foul Ball, location: 2F 0-2: Ball 1-2: Strikes out swinging
|
Bottom of the 11th over - 0 runs, 0 hits, 0 errors, 2 left on base; Hartford 2 - Hagerstown 2 |
TOP OF THE 12TH |
Hartford Yard Goats batting - Pitching for Hagerstown Suns : LHP Mike Montgomery
|
Now in LF: Diego Gutierres
|
|
Batting: SHB Brad Madden
|
0-0: Ball 1-0: Swinging Strike 1-1: Ball 2-1: SINGLE (Line Drive, 8RS, EV 101.2 MPH)
|
Batting: RHB Ray Insley
|
0-0: Bunted foul 0-1: Bunted foul 0-2: Ball 1-2: Ball 2-2: Strikes out swinging
|
Pitching: RHP John Kovach
|
|
Batting: LHB Harry Folsom
|
0-0: Ball Wild Pitch! Brad Madden to second 1-0: Ball 2-0: Called Strike 2-1: SINGLE (Line Drive, 4MD, EV 99.4 MPH) Brad Madden to third
|
Batting: RHB John Stevenson
|
0-0: Called Strike Harry Folsom steals 2nd base (no throw) 0-1: Ball 1-1: Ball 2-1: Swinging Strike 2-2: Strikes out swinging
|
Batting: RHB T.J. Williams
|
0-0: Called Strike 0-1: Ball 1-1: Ball 2-1: Swinging Strike 2-2: Foul Ball, location: 2F 2-2: Ball 3-2: Foul Ball, location: 2F 3-2: Foul Ball, location: 2F 3-2: Base on Balls
|
Batting: RHB Andy Rayer
|
0-0: Ball 1-0: Ball 2-0: Called Strike 2-1: Ground out 4-3 (Groundball, 4, EV 89.4 MPH)
|
Top of the 12th over - 0 runs, 2 hits, 0 errors, 3 left on base; Hartford 2 - Hagerstown 2 |
BOTTOM OF THE 12TH |
Hagerstown Suns batting - Pitching for Hartford Yard Goats : RHP Ryan Squire
|
Pitching: RHP Jerry Dunne
|
|
Batting: RHB Jelexiz Cuenca
|
0-0: Ball 1-0: Called Strike 1-1: Foul Ball, location: 2F 1-2: Foul Ball, location: 2F 1-2: Fly out, F7 (Flyball, 78S, EV 86.2 MPH)
|
Batting: RHB Taffounnout Kame
|
0-0: Ball 1-0: Fly out, F4 (Line Drive, 4, EV 70.6 MPH)
|
Batting: RHB Aaron Bateman
|
0-0: SOLO HOME RUN (Flyball, 7D, EV 96.9 MPH), Distance : 380 ft
|
Bottom of the 12th over - 1 run, 1 hit, 0 errors, 0 left on base; Hartford 2 - Hagerstown 3 |
|